[Event "Titled Tuesday Blitz June 20 Late 2023"]
[White "Tissir, Mohamed"]
[Black "Cardoso Cardoso, Jose Gabriel"]
[WhiteFideId "9000240"]
[BlackFideId "4430492"]
[WhiteElo "2458"]
[BlackElo "2484"]
[Result "0-1"]
[Round "3"]
[TimeControl "180+2"]
[Date "2023.06.20"]
[WhiteClock "0:00:02"]
[BlackClock "0:00:02"]
[Board "50"]

1. e4 c5 2. Nc3 a6 3. Nf3 d6 4. d4 cxd4 5. Nxd4 Nf6 6. Nb3 g6 7. Be2 Bg7 8. Be3 O-O 9. g4 b5 10. g5 Nfd7 11. a3 Bb7 12. h4 Ne5 13. h5 Nc4 14. Bxc4 bxc4 15. Nd4 Nc6 16. Nxc6 Bxc6 17. Bd4 e5 18. Be3 Rb8 19. Rb1 Qe7 20. hxg6 fxg6 21. Qg4 Rf7 22. Qh4 Bh8 23. Qg4 Rbf8 24. Rd1 Rd8 25. Rd2 Qb7 26. Qe6 Bxe4 27. Nxe4 Qxe4 28. Rxh7 Bg7 29. Re2 Qf5 30. Qxf5 Rxf5 31. Rh4 d5 32. c3 d4 33. Bd2 Rb8 34. Bc1 Rf3 35. Kd1 dxc3 36. bxc3 Rxc3 37. Rc2 Rd3+ 38. Bd2 e4 39. Rxc4 Rb1+ 40. Rc1 Rb2 41. Rc2 Rxc2 42. Kxc2 Rxa3 43. Rxe4 Ra2+ 44. Kd3 Ra3+ 45. Ke2 Kf7 46. Rc4 Be5 47. Rc6 Ra2 48. Kd3 Ra3+ 49. Ke2 Ra4 50. Be3 Ra2+ 51. Kf3 Ra4 52. Rb6 a5 53. Rb7+ Ke6 54. Ra7 Kf5 55. Rb7 Ra3 56. Rb5 a4 57. Ke2 Ra2+ 58. Kd3 Ra3+ 59. Ke2 Ke6 60. f4 Bd6 61. Rb6 Kd5 62. Rb5+ Ke4 63. Bd2 Ra2 64. Rb6 Bc5 65. Rb5 Bd4 66. Rb4 a3 67. Kd1 Rb2 68. Ra4 a2 69. Kc1 Rb1+ 70. Kc2 a1=Q 0-1


[Site "https://www.chess.com"]

[Event "Titled Tuesday Blitz June 20 Late 2023"]
[White "Bordi, Kevin"]
[Black "Deng, Henry"]
[WhiteFideId "621862"]
[BlackFideId "30965454"]
[WhiteElo "2796"]
[BlackElo "2533"]
[Result "1-0"]
[Round "3"]
[TimeControl "180+2"]
[Date "2023.06.20"]
[WhiteClock "0:00:37"]
[BlackClock "0:00:25"]
[Board "51"]

1. e4 c5 2. Nf3 e6 3. b4 cxb4 4. d4 d5 5. e5 Nc6 6. a3 Bd7 7. axb4 Nxb4 8. c3 Nc6 9. Bd3 a6 10. O-O Be7 11. Na3 b5 12. Nc2 Na5 13. Nb4 Nh6 14. Bxh6 gxh6 15. Ra2 Nc4 16. Qc1 Bf8 17. Rxa6 Rxa6 18. Nxa6 Rg8 19. Bxh7 Rg7 20. Bd3 f6 21. Re1 f5 22. Nb4 Kf7 23. Kh1 Be7 24. Qxh6 Qg8 25. Nxd5 Rxg2 26. Nf4 Rg4 27. d5 Ke8 28. Ra1 exd5 29. Ra8+ Bd8 30. Qf6 1-0


[Site "https://www.chess.com"]

[Event "Titled Tuesday Blitz June 20 Late 2023"]
[White "Richter, Paul"]
[Black "Siddharth, Jagadeesh"]
[WhiteFideId "2046350"]
[BlackFideId "5818320"]
[WhiteElo "2532"]
[BlackElo "2303"]
[Result "1-0"]
[Round "3"]
[TimeControl "180+2"]
[Date "2023.06.20"]
[WhiteClock "0:01:35"]
[BlackClock "0:01:14"]
[Board "52"]

1. e4 c5 2. Nf3 d6 3. d4 cxd4 4. Nxd4 Nf6 5. Nc3 Nc6 6. Bg5 e6 7. Qd2 a6 8. O-O-O Bd7 9. f4 Be7 10. Be2 h6 11. Bxf6 Bxf6 12. Nxc6 Bxc6 13. Bf3 Qb6 14. Qxd6 Rd8 15. Qa3 Qe3+ 16. Kb1 Rxd1+ 17. Rxd1 Qxf4 18. e5 Bxf3 19. exf6 gxf6 20. gxf3 Qxf3 21. Qd6 1-0


[Site "https://www.chess.com"]

[Event "Titled Tuesday Blitz June 20 Late 2023"]
[White "Sattarov, Bobir"]
[Black "Golubev, Mikhail"]
[WhiteFideId "14203081"]
[BlackFideId "14100983"]
[WhiteElo "2351"]
[BlackElo "2374"]
[Result "1-0"]
[Round "3"]
[TimeControl "180+2"]
[Date "2023.06.20"]
[WhiteClock "0:00:47"]
[BlackClock "0:00:00"]
[Board "53"]

1. e4 c5 2. Nf3 d6 3. d4 Nf6 4. Nc3 cxd4 5. Nxd4 g6 6. Be3 Bg7 7. f3 Nc6 8. Qd2 O-O 9. g4 h5 10. gxh5 Nxh5 11. O-O-O Qa5 12. Kb1 Nxd4 13. Bxd4 Be6 14. Nd5 Qxd2 15. Nxe7+ Kh7 16. Rxd2 Bh6 17. Rd1 Rfe8 18. Nd5 Bxd5 19. exd5 Bg7 20. Bf2 Nf4 21. h4 Bf6 22. Bg3 Be5 23. a4 Kg7 24. Bf2 Re7 25. a5 b6 26. a6 Rh8 27. Bb5 Rh5 28. c3 Bf6 29. Bc6 Re2 30. Bxb6 axb6 31. a7 Rh8 32. a8=Q Rxa8 33. Bxa8 Be5 34. Bc6 Kf6 35. Bb5 Rf2 36. Rdf1 Rg2 37. Bc4 Nh5 38. Rc1 Ng3 39. Rhe1 Nf5 40. Rc2 Rg3 41. Rf2 Nxh4 42. f4 Bxc3 43. bxc3 Rxc3 44. Rc1 Re3 45. Ba2 Nf5 46. Rc6 Rg3 47. Rxb6 Rg1+ 48. Kb2 Rg3 49. Bb1 Ne3 50. Ka2 1-0


[Site "https://www.chess.com"]

[Event "Titled Tuesday Blitz June 20 Late 2023"]
[White "Leitao, Rafael"]
[Black "Ortega Amarelle, Mariano"]
[WhiteFideId "2101246"]
[BlackFideId "3504301"]
[WhiteElo "2609"]
[BlackElo "2392"]
[Result "1-0"]
[Round "3"]
[TimeControl "180+2"]
[Date "2023.06.20"]
[WhiteClock "0:00:38"]
[BlackClock "0:00:03"]
[Board "54"]

1. c4 c6 2. g3 d5 3. Nf3 Bf5 4. Qb3 Qb6 5. cxd5 Qxb3 6. axb3 cxd5 7. Nc3 Nf6 8. Nb5 Na6 9. Rxa6 bxa6 10. Nc7+ Kd7 11. Nxa8 Kc8 12. Ne5 Be6 13. e3 Kb7 14. Bxa6+ Kxa6 15. Nc7+ Kb7 16. Nxe6 fxe6 17. d3 g6 18. Nf7 Rg8 19. Nd8+ Kc7 20. Nxe6+ Kd6 21. Nxf8 Rxf8 22. Bd2 Rc8 23. Bb4+ Kd7 24. Bc3 d4 25. exd4 Nd5 26. Kd2 e6 27. Ra1 Rc7 28. Ra6 Rb7 29. b4 h5 30. h4 Nc7 31. Ra5 Nd5 32. b5 Nc7 33. b6 axb6 34. Rg5 b5 35. Bb4 Nd5 36. Bc5 1-0


[Site "https://www.chess.com"]

[Event "Titled Tuesday Blitz June 20 Late 2023"]
[White "Gascon Del Nogal, Jose Rafael"]
[Black "Yuan, Qingyu"]
[WhiteFideId "3902463"]
[BlackFideId "8609772"]
[WhiteElo "2473"]
[BlackElo "2359"]
[Result "1-0"]
[Round "3"]
[TimeControl "180+2"]
[Date "2023.06.20"]
[WhiteClock "0:00:05"]
[BlackClock "0:00:02"]
[Board "55"]

1. d4 Nf6 2. Nf3 d5 3. Bf4 c5 4. e3 Nc6 5. Nbd2 cxd4 6. exd4 Bf5 7. c3 e6 8. h3 Bd6 9. Bxd6 Qxd6 10. Nb3 h6 11. Bd3 Be4 12. O-O O-O 13. Nc5 b6 14. Nb3 Rfe8 15. Re1 Rac8 16. Qe2 Qf4 17. Bxe4 Nxe4 18. Nfd2 Nd6 19. g3 Qf5 20. Kg2 h5 21. Nf3 g6 22. Nc1 Na5 23. Nd3 Ne4 24. Nd2 Nd6 25. Rh1 Kg7 26. Rae1 Nac4 27. Nxc4 Nxc4 28. a4 Qg5 29. f4 Qf6 30. Ne5 Nd6 31. Nd7 Qf5 32. Qe5+ Qxe5 33. fxe5 Ne4 34. Rhf1 Rc4 35. a5 bxa5 36. Nf6 Nxf6 37. exf6+ Kf8 38. g4 Rb8 39. Rf2 h4 40. g5 Ra4 41. Ree2 Ra2 42. Kf3 a4 43. Kg4 a3 44. bxa3 Rxa3 45. Rb2 Rab3 46. Rxb3 Rxb3 47. Ra2 Rb7 48. Kxh4 Ke8 49. Kg4 Rc7 50. Kf4 Rxc3 51. Rxa7 Rxh3 52. Re7+ Kf8 53. Ra7 Ke8 54. Ra8+ Kd7 55. Rf8 Rh7 56. Ke5 Kc7 57. Re8 Rh4 58. Re7+ Kd8 59. Kd6 Rh7 60. Ra7 Kc8 61. Ra8+ Kb7 62. Rf8 Kb6 63. Ke7 e5 64. dxe5 d4 65. Rd8 Kc5 66. e6 fxe6+ 67. f7 Rxf7+ 68. Kxf7 e5 69. Kxg6 e4 70. Kf5 e3 71. g6 e2 72. Re8 d3 73. g7 d2 74. g8=Q d1=Q 75. Qf8+ Kc4 76. Rc8+ Kd3 77. Qd6+ Ke3 78. Qf4+ Kd3 79. Qe4+ Kd2 80. Rd8+ Kc1 81. Qe3+ Kc2 82. Rc8+ Kb2 83. Qb6+ Ka3 84. Ra8+ Qa4 85. Rxa4+ Kxa4 86. Qe3 e1=Q 87. Qxe1 Ka3 88. Ke4 1-0


[Site "https://www.chess.com"]

[Event "Titled Tuesday Blitz June 20 Late 2023"]
[White "Figorito, Nick"]
[Black "Veiga, Jose Francisco R P Neves"]
[WhiteFideId "30923689"]
[BlackFideId "1930087"]
[WhiteElo "2384"]
[BlackElo "2319"]
[Result "1/2-1/2"]
[Round "3"]
[TimeControl "180+2"]
[Date "2023.06.20"]
[WhiteClock "0:00:06"]
[BlackClock "0:00:16"]
[Board "56"]

1. Nf3 Nf6 2. g3 g6 3. Bg2 Bg7 4. O-O O-O 5. c4 d6 6. Nc3 c5 7. d3 Nc6 8. Rb1 e5 9. Bg5 h6 10. Bxf6 Bxf6 11. Nd5 Bg7 12. Ne1 Be6 13. Nc2 a5 14. a3 f5 15. b4 axb4 16. axb4 cxb4 17. Ncxb4 f4 18. Nxc6 bxc6 19. Nc3 Qc7 20. Ne4 Ra5 21. Ra1 Rfa8 22. Rxa5 Rxa5 23. Qc2 Kh7 24. Rb1 Bf5 25. Qb3 d5 26. cxd5 cxd5 27. Nc3 d4 28. Ne4 Qa7 29. h3 fxg3 30. fxg3 Ra2 31. Qb7 Ra1 32. Nf6+ Kh8 33. Qxa7 Rxa7 34. Rb8+ Bf8 35. Rxf8+ Kg7 36. Rb8 Kxf6 37. Rb6+ Kg7 38. g4 Bd7 39. Be4 g5 40. Rg6+ Kf7 41. Rxh6 Ra1+ 42. Kf2 Be6 43. Rh7+ Kf6 44. Rh6+ Ke7 45. Rh7+ Kf6 46. Rh6+ Kf7 47. Rh7+ Kf6 1/2-1/2


[Site "https://www.chess.com"]

[Event "Titled Tuesday Blitz June 20 Late 2023"]
[White "zano2023"]
[Black "Barp, Alberto"]
[BlackFideId "872555"]
[WhiteElo "2200"]
[BlackElo "2313"]
[Result "0-1"]
[Round "3"]
[TimeControl "180+2"]
[Date "2023.06.20"]
[WhiteClock "0:00:00"]
[BlackClock "0:01:19"]
[Board "57"]

1. d4 d5 2. Nf3 Nf6 3. Nbd2 g6 4. e3 Bg7 5. Bd3 O-O 6. O-O Nbd7 7. Qe2 c5 8. c3 Qc7 9. e4 dxe4 10. Nxe4 cxd4 11. cxd4 Nxe4 12. Qxe4 Nf6 13. Qh4 Rd8 14. Bf4 Qb6 15. b3 Be6 16. Rad1 Bg4 17. Be2 Bxf3 18. Bxf3 Rxd4 19. Rxd4 Qxd4 20. Bxb7 Rd8 21. Bf3 Qb2 22. Bc7 Rd7 23. Qc4 Qxa2 24. Be5 Qa5 25. Ra1 Qxe5 26. Qc8+ Bf8 27. g4 Qxa1+ 0-1


[Site "https://www.chess.com"]

[Event "Titled Tuesday Blitz June 20 Late 2023"]
[White "The_Sherman_Variation"]
[Black "Kramnik, Vladimir"]
[BlackFideId "4101588"]
[WhiteElo "2510"]
[BlackElo "2703"]
[Result "0-1"]
[Round "3"]
[TimeControl "180+2"]
[Date "2023.06.20"]
[WhiteClock "0:00:10"]
[BlackClock "0:01:15"]
[Board "58"]

1. e4 c5 2. Nf3 e6 3. d4 cxd4 4. Nxd4 Nf6 5. Nc3 Nc6 6. Nxc6 bxc6 7. e5 Nd5 8. Ne4 Qc7 9. f4 a5 10. c4 Bb4+ 11. Ke2 O-O 12. a3 Be7 13. Qc2 Ba6 14. Ke1 Nb6 15. Bd3 f5 16. exf6 gxf6 17. Be3 d5 18. Bd4 dxe4 19. Bxe4 Rf7 20. b3 Rd8 21. Rd1 a4 22. Qf2 c5 23. Bc3 axb3 24. h4 Rxd1+ 25. Kxd1 Na4 26. Ba1 b2 27. Bxb2 Nxb2+ 28. Qxb2 Qxf4 29. Qe2 f5 30. Bd3 Qd4 31. Kc2 Bf6 32. Rb1 Qc3+ 33. Kd1 Bxc4 34. Rb8+ Kg7 0-1


[Site "https://www.chess.com"]

[Event "Titled Tuesday Blitz June 20 Late 2023"]
[White "Grischuk, Alexander"]
[Black "Haszon, David"]
[WhiteFideId "4126025"]
[BlackFideId "733610"]
[WhiteElo "2721"]
[BlackElo "2210"]
[Result "1-0"]
[Round "3"]
[TimeControl "180+2"]
[Date "2023.06.20"]
[WhiteClock "0:00:06"]
[BlackClock "0:00:13"]
[Board "59"]

1. Nf3 Nf6 2. g3 g6 3. c4 Bg7 4. Nc3 c5 5. Bg2 O-O 6. d4 cxd4 7. Nxd4 Nc6 8. O-O Nxd4 9. Qxd4 d6 10. Bg5 Qa5 11. Qd2 Be6 12. b3 Rab8 13. Rac1 Rfc8 14. Rfd1 a6 15. Bf4 b5 16. Nd5 Qd8 17. Nxf6+ Bxf6 18. c5 Be5 19. Bxe5 dxe5 20. Qe3 Qc7 21. Bd5 Bxd5 22. Rxd5 f6 23. Rcd1 Rd8 24. b4 Kf7 25. Qb3 e6 26. Rd6 Qe7 27. Rxa6 Rxd1+ 28. Qxd1 Rd8 29. Rd6 Rxd6 30. cxd6 Qd7 31. Qd3 f5 32. Qd2 Kf6 33. h4 h5 34. f3 Kf7 35. Kg2 Kf6 36. a3 Kf7 37. Kf1 Kf6 38. Kg2 Kf7 39. Qd3 Kf6 40. Kf1 Kf7 41. Ke1 Ke8 42. Qd2 Kf7 43. Kf1 Ke8 44. f4 exf4 45. gxf4 Kd8 46. Qd4 Qb7 47. Qf6+ Kd7 48. Qe7+ Kc6 49. Qxe6 Qa7 50. d7+ Kc7 51. Qe5+ Kd8 52. Qe8+ Kc7 53. d8=Q+ Kb7 54. Qed7+ Ka6 55. Qc6+ Qb6 56. Qcxb6# 1-0


[Site "https://www.chess.com"]

[Event "Titled Tuesday Blitz June 20 Late 2023"]
[White "Bluebaum, Matthias"]
[Black "Kochiev, Ivan"]
[WhiteFideId "24651516"]
[BlackFideId "2917890"]
[WhiteElo "2639"]
[BlackElo "2287"]
[Result "0-1"]
[Round "3"]
[TimeControl "180+2"]
[Date "2023.06.20"]
[WhiteClock "0:01:49"]
[BlackClock "0:00:10"]
[Board "61"]

1. d4 Nf6 2. c4 e6 3. Nc3 c5 4. d5 exd5 5. cxd5 d6 6. Nf3 g6 7. h3 Bg7 8. e4 O-O 9. Be3 Re8 10. Nd2 Na6 11. Bd3 Nc7 12. O-O a6 13. a4 Rb8 14. a5 Bd7 15. Nc4 Bb5 16. Qc2 Bxc4 17. Bxc4 h5 18. Bf4 Qe7 19. Rfe1 Nd7 20. Bh2 b5 21. axb6 Rxb6 22. Kh1 Reb8 23. Ra2 Rb4 24. Bf1 Nb5 25. Rxa6 Nd4 26. Qd1 Be5 27. f4 Bg7 28. e5 Rxb2 29. e6 Nf6 30. exf7+ Qxf7 31. Rxd6 Rc2 32. Ne2 Ne4 33. Bg1 Rxe2 34. Bxe2 Nxd6 35. Bf1 Re8 36. Rxe8+ Qxe8 37. Qc1 N6f5 38. Bf2 Qe7 39. Bc4 Qd6 40. Qe1 Kh7 41. Qe4 Qe7 42. Qxe7 Nxe7 43. d6 Nec6 44. d7 Bf6 45. g4 hxg4 46. hxg4 Nb8 47. Bxd4 cxd4 48. Bb5 Kg7 49. Kg2 Kf8 50. g5 Bg7 51. Kf3 Ke7 52. Ke4 Nxd7 53. Kd5 Nf8 54. Bd3 Kf7 55. Bc4 Ke7 56. Bd3 Ne6 57. Bb1 Nxf4+ 58. Ke4 Ne6 59. Kd5 Nxg5 60. Bxg6 Ne6 61. Kc4 Kd6 62. Bb1 Ke5 63. Bc2 Bf6 64. Bb1 Bg5 65. Bc2 Kf4 66. Bb1 Ke3 67. Kd5 Nf4+ 68. Kc4 d3 69. Bxd3 Nxd3 70. Kd5 Bf4 71. Kc4 Ke4 72. Kc3 Ne5 73. Kb4 Be3 74. Kb5 Kd5 75. Kb4 Bd4 76. Kb5 Nf7 77. Ka6 Nd6 78. Ka5 Bc5 79. Ka6 Kc6 80. Ka5 Ne4 81. Ka6 Nc3 82. Ka5 Kd5 83. Ka6 Kc6 84. Ka5 Nd5 85. Ka6 Nb6 86. Ka5 Bd6 87. Ka6 Bb8 88. Ka5 Nd5 89. Ka6 Nb4+ 90. Ka5 Kc5 91. Ka4 Kc4 92. Ka5 Bc7+ 93. Ka4 Bb6 94. Ka3 Nd3 95. Ka4 Nb2+ 96. Ka3 Kc3 97. Ka2 Kc2 98. Ka3 Bc5+ 99. Ka2 Nd3 100. Ka1 Bd6 101. Ka2 Nc1+ 102. Ka1 Be5# 0-1


[Site "https://www.chess.com"]

[Event "Titled Tuesday Blitz June 20 Late 2023"]
[White "Kokoszczynski, Jan"]
[Black "Sadhwani, Raunak"]
[WhiteFideId "1174460"]
[BlackFideId "35093487"]
[WhiteElo "2139"]
[BlackElo "2631"]
[Result "0-1"]
[Round "3"]
[TimeControl "180+2"]
[Date "2023.06.20"]
[WhiteClock "0:00:00"]
[BlackClock "0:01:01"]
[Board "62"]

1. d4 g6 2. c4 Bg7 3. Nc3 d6 4. e4 Nf6 5. Nf3 O-O 6. h3 Nbd7 7. Be3 e5 8. d5 Nc5 9. Nd2 a5 10. g4 c6 11. Qf3 a4 12. Be2 Qa5 13. Qg2 Bd7 14. g5 Nh5 15. Bxh5 gxh5 16. O-O a3 17. Nb3 Nxb3 18. axb3 Qb4 19. Ne2 axb2 20. Rab1 Qxb3 21. Ng3 Kh8 22. Nxh5 cxd5 23. cxd5 Bb5 24. Rfe1 Bd3 25. Qf3 Bxb1 26. Qf5 Ra1 27. Nf6 Bxe4 28. Qxe4 Rxe1+ 29. Kh2 b1=Q 0-1


[Site "https://www.chess.com"]

[Event "Titled Tuesday Blitz June 20 Late 2023"]
[White "Lashkin, Jegor"]
[Black "Tifferet, Shaked"]
[WhiteFideId "13907808"]
[BlackFideId "2811529"]
[WhiteElo "2368"]
[BlackElo "2142"]
[Result "0-1"]
[Round "3"]
[TimeControl "180+2"]
[Date "2023.06.20"]
[WhiteClock "0:00:04"]
[BlackClock "0:00:09"]
[Board "63"]

1. Nf3 Nf6 2. e3 b6 3. b3 Bb7 4. Bb2 e6 5. c3 Be7 6. c4 O-O 7. Be2 d5 8. O-O c5 9. d3 Nc6 10. a3 dxc4 11. bxc4 Qc7 12. Nc3 Rad8 13. Qc2 Qb8 14. Rad1 Ne5 15. Nxe5 Qxe5 16. Nd5 Qd6 17. Nxe7+ Qxe7 18. e4 e5 19. a4 Nd7 20. a5 bxa5 21. Bc3 Nb8 22. Bxa5 Rd6 23. Bc3 Nc6 24. Ra1 f5 25. Bf3 f4 26. Rfb1 Bc8 27. Rb5 g5 28. h3 Rg6 29. Qe2 Rg7 30. Bg4 Bxg4 31. Qxg4 Rd8 32. Ra6 Rg6 33. Qd1 Rgd6 34. Qh5 Rxd3 35. Rxc6 Rxc3 36. Rb1 Rxc4 37. Qh6 Rxe4 38. Rxc5 Red4 39. Rcc1 R4d6 40. Qh5 Rg6 41. Qe2 e4 42. Rc4 Re8 43. Rbc1 Re6 44. Rc7 Qf6 45. Qc4 Re7 46. Rc8+ Kg7 47. Qe2 f3 48. Qe3 fxg2 49. R8c5 h6 50. Rd1 Rd6 51. Rcd5 Rxd5 52. Rxd5 a6 53. Qc5 Rb7 54. Rf5 Qa1+ 55. Kxg2 Rd7 56. Qc6 Qd4 57. h4 gxh4 58. Qc8 h3+ 59. Kxh3 Qd3+ 60. Kg2 Qd6 61. Qe8 Qg6+ 62. Qxg6+ Kxg6 63. Re5 Ra7 64. Rxe4 a5 65. Ra4 Kf5 66. Kf3 h5 67. Kg3 Kg5 68. f4+ Kf5 69. Kh4 Ra6 70. Kxh5 Ra8 71. Kh6 Ra7 72. Ra2 a4 73. Ra3 Ra5 74. Kh5 Kxf4+ 75. Kg6 Ke4 76. Kf6 Kd4 77. Ke6 Kc4 78. Kd6 Kb4 79. Rh3 a3 80. Rh4+ Kc3 81. Rh3+ Kd2 82. Rh2+ Ke3 83. Rh3+ Kf2 84. Rh2+ Ke3 85. Ra2 Kd3 86. Kc6 Kc3 87. Kb6 Kb4 88. Ra1 a2 89. Kc6 Kb3 90. Kb6 Ra8 91. Kb7 Ra3 92. Kb6 Kb2 93. Rh1 a1=Q 94. Rh2+ Kb3 95. Rh3+ Ka2 96. Rh2+ Qb2+ 0-1


[Site "https://www.chess.com"]

[Event "Titled Tuesday Blitz June 20 Late 2023"]
[White "Corrales Jimenez, Fidel"]
[Black "cristianserban1"]
[WhiteFideId "3506690"]
[WhiteElo "2511"]
[BlackElo "2496"]
[Result "1-0"]
[Round "3"]
[TimeControl "180+2"]
[Date "2023.06.20"]
[WhiteClock "0:00:57"]
[BlackClock "0:00:07"]
[Board "64"]

1. e4 g6 2. d4 Bg7 3. g3 c6 4. Bg2 d5 5. e5 h5 6. h4 Nh6 7. Bxh6 Bxh6 8. f4 Bg4 9. Bf3 Bf5 10. c3 e6 11. Nd2 Nd7 12. b4 a5 13. a3 axb4 14. axb4 Rxa1 15. Qxa1 O-O 16. Ne2 Qa8 17. Kf2 Nb6 18. Nb3 Nc4 19. Nc5 b6 20. Nd7 Rd8 21. Nf6+ Kh8 22. g4 hxg4 23. Bxg4 Bxg4 24. Nxg4 Bg7 25. h5 Qxa1 26. Rxa1 gxh5 27. Nh2 Bf8 28. Ra7 Kg8 29. Nf3 c5 30. bxc5 bxc5 31. Ng5 cxd4 32. cxd4 Re8 33. Ng3 Bh6 34. Nxf7 Bxf4 35. Nxh5 Be3+ 36. Ke2 Rf8 37. Nf6+ Kg7 38. Ng5+ Kg6 39. Nxe6 Rb8 40. Nxd5 Bxd4 41. Rg7+ Kf5 42. Nxd4+ Kxe5 43. Nc6+ Kxd5 44. Nxb8 1-0


[Site "https://www.chess.com"]

[Event "Titled Tuesday Blitz June 20 Late 2023"]
[White "Holt, Conrad"]
[Black "Przybylski, Wojciech"]
[WhiteFideId "2034387"]
[BlackFideId "1117599"]
[WhiteElo "2592"]
[BlackElo "2228"]
[Result "1-0"]
[Round "3"]
[TimeControl "180+2"]
[Date "2023.06.20"]
[WhiteClock "0:00:18"]
[BlackClock "0:00:02"]
[Board "65"]

1. d4 d5 2. c4 c6 3. Nc3 Nf6 4. e3 e6 5. Bd3 Nbd7 6. e4 dxe4 7. Nxe4 Nxe4 8. Bxe4 Bb4+ 9. Bd2 Qa5 10. Nf3 c5 11. O-O Bxd2 12. Nxd2 cxd4 13. Nb3 Qc7 14. Qxd4 O-O 15. Rad1 Nf6 16. Bf3 e5 17. Qc5 Qb8 18. Rfe1 Be6 19. Qb5 Qc7 20. Nc5 Rab8 21. Nxe6 fxe6 22. Qxe5 Qxc4 23. Qxe6+ Qxe6 24. Rxe6 Rf7 25. Kf1 Rc7 26. Red6 Kf7 27. g4 h6 28. h4 g5 29. hxg5 hxg5 30. Re1 Rh8 31. Kg2 b6 32. Re5 Rc5 33. Rxc5 bxc5 34. Ra6 Rd8 35. Rxa7+ Kg6 36. b3 Rd2 37. Ra5 Rc2 38. Ra4 Kf7 39. Rc4 Rxc4 40. bxc4 Nd7 41. a4 Ne5 42. a5 Ke7 43. Bd5 Kd6 44. a6 Nd7 45. a7 Nb6 46. a8=Q Nxa8 47. Bxa8 Ke5 48. Bd5 Kf4 49. f3 Ke3 50. Kg3 Kd4 51. f4 gxf4+ 52. Kxf4 1-0


[Site "https://www.chess.com"]

[Event "Titled Tuesday Blitz June 20 Late 2023"]
[White "Bilan, Danila"]
[Black "Harsh Suresh"]
[WhiteFideId "24161918"]
[BlackFideId "45018464"]
[WhiteElo "2146"]
[BlackElo "2209"]
[Result "1/2-1/2"]
[Round "3"]
[TimeControl "180+2"]
[Date "2023.06.20"]
[WhiteClock "0:00:07"]
[BlackClock "0:00:04"]
[Board "66"]

1. d4 d6 2. Nf3 Nd7 3. Bg5 Ngf6 4. Nbd2 e5 5. e3 Be7 6. Bc4 e4 7. Ng1 d5 8. Bb3 a5 9. a3 c5 10. c3 Qb6 11. Qc2 c4 12. Ba2 a4 13. f3 h6 14. Bh4 exf3 15. Ngxf3 Nf8 16. Bxf6 Bxf6 17. e4 Qe6 18. O-O b5 19. Rae1 Kd8 20. Bb1 Bb7 21. exd5 Qxd5 22. Ne4 Ne6 23. Qf2 Kc7 24. Ne5 Raf8 25. Nxf6 gxf6 26. Be4 Qxe4 27. Rxe4 Bxe4 28. Qxf6 Rhg8 29. g3 Ng5 30. Qe7+ Kc8 31. Rf6 Rd8 32. Nxf7 Rd7 33. Qc5+ Rc7 34. Nd6+ Kd8 35. Qb6 Nh3+ 36. Kf1 Bd3+ 37. Kg2 Ng5 38. Nxb5 Rg7 39. Nxc7 Rxc7 40. Rc6 Be4+ 41. Kf2 Bxc6 42. h4 Ne4+ 43. Ke3 Nf6 44. Qb8+ Kd7 45. Qh8 Nd5+ 46. Kd2 Rb7 47. Kc1 Kc7 48. Qxh6 Kb6 49. Qd6 Re7 50. Qc5+ Kb7 51. Qxc4 Re1+ 52. Kd2 Rd1+ 53. Ke2 Rb1 54. Qc5 Rxb2+ 55. Ke1 Rb3 56. c4 Nb6 57. d5 Bd7 58. Qe7 Rxg3 59. c5 Rg1+ 60. Kf2 Rg6 61. cxb6 Rxb6 62. Qxd7+ Ka6 63. Qxa4+ Kb7 64. Qb4 Ka7 65. Qxb6+ Ka8 66. h5 1/2-1/2


[Site "https://www.chess.com"]

[Event "Titled Tuesday Blitz June 20 Late 2023"]
[White "Xu, Yi"]
[Black "Papayan, Oleg"]
[WhiteFideId "8605564"]
[BlackFideId "4193911"]
[WhiteElo "2460"]
[BlackElo "2167"]
[Result "0-1"]
[Round "3"]
[TimeControl "180+2"]
[Date "2023.06.20"]
[WhiteClock "0:00:35"]
[BlackClock "0:00:18"]
[Board "67"]

1. d4 Nf6 2. c4 e6 3. Nf3 d5 4. Nc3 c5 5. cxd5 Nxd5 6. e4 Nxc3 7. bxc3 cxd4 8. cxd4 Bb4+ 9. Bd2 Bxd2+ 10. Qxd2 O-O 11. h4 b6 12. h5 h6 13. Rh3 Bb7 14. Bd3 Nc6 15. Rg3 Kh8 16. e5 Nxd4 17. Kf1 Nxf3 18. gxf3 Qd4 19. Re1 Rfd8 20. Re3 Ba6 21. f4 Qxf4 22. Qe2 Rxd3 23. Rxd3 Bxd3 24. Rxd3 Rc8 25. Kg2 Rc4 26. Rg3 Qe4+ 27. Qxe4 Rxe4 28. Ra3 a5 29. Rb3 Rxe5 30. Rxb6 Rxh5 31. Ra6 Rf5 32. Kg3 Kh7 33. Ra7 Kg6 34. Kg2 h5 35. Kg3 Kf6 36. Kg2 g5 37. a4 h4 38. Ra6 Re5 39. Kf3 Kf5 40. Kg2 f6 41. Rb6 g4 42. Rb3 Ke4 43. Rb6 Kd4 44. Rb3 Kc4 45. Rb6 f5 46. Rb7 f4 47. Rb6 h3+ 48. Kh2 Re2 49. Kg1 Re1+ 50. Kh2 Rf1 0-1


[Site "https://www.chess.com"]

[Event "Titled Tuesday Blitz June 20 Late 2023"]
[White "Ghazarian, Kirk"]
[Black "Jovic, Stanoje"]
[WhiteFideId "30908604"]
[BlackFideId "905020"]
[WhiteElo "2346"]
[BlackElo "2236"]
[Result "1-0"]
[Round "3"]
[TimeControl "180+2"]
[Date "2023.06.20"]
[WhiteClock "0:01:09"]
[BlackClock "0:00:00"]
[Board "68"]

1. d4 Nf6 2. c4 e6 3. Nc3 Bb4 4. Qc2 d5 5. cxd5 exd5 6. Bf4 O-O 7. e3 c6 8. Bd3 Bg4 9. Ne2 Nbd7 10. O-O Re8 11. Ng3 Nf8 12. f3 Bd7 13. a3 Ba5 14. Rad1 Ng6 15. Bg5 h6 16. Bxf6 Qxf6 17. Rfe1 Bc7 18. Nxd5 cxd5 19. Qxc7 Ba4 20. Rc1 Bc6 21. b4 Re7 22. Qa5 Rae8 23. Nf5 b6 24. Nxe7+ Rxe7 25. Qa6 Bb7 26. Qb5 a6 27. Qa4 b5 28. Qc2 Nh4 29. Qf2 g5 30. Rc5 Kg7 31. e4 dxe4 32. fxe4 Qd6 33. e5 Qb6 34. Qf6+ Qxf6 35. exf6+ Kxf6 36. Rxe7 1-0


[Site "https://www.chess.com"]

[Event "Titled Tuesday Blitz June 20 Late 2023"]
[White "Turner, Max N"]
[Black "Lorparizangeneh, Shahin"]
[WhiteFideId "447722"]
[BlackFideId "12521604"]
[WhiteElo "2157"]
[BlackElo "2526"]
[Result "0-1"]
[Round "3"]
[TimeControl "180+2"]
[Date "2023.06.20"]
[WhiteClock "0:00:01"]
[BlackClock "0:00:44"]
[Board "69"]

1. d4 g6 2. Nf3 Bg7 3. g3 d6 4. Bg2 Nd7 5. O-O e5 6. c4 e4 7. Ng5 Qf6 8. Be3 Nh6 9. Nxe4 Qe7 10. Nbc3 Nf5 11. Nd5 Qd8 12. Bh3 Nxe3 13. Nxe3 f5 14. Nc3 O-O 15. f4 c6 16. Bg2 Qb6 17. Nc2 Nf6 18. Qd3 Re8 19. e3 Ng4 20. Kh1 Be6 21. h3 Nf6 22. b3 Bf7 23. Rfe1 d5 24. c5 Qc7 25. b4 b6 26. a4 bxc5 27. dxc5 Ne4 28. Bxe4 dxe4 29. Qd2 a5 30. bxa5 Qxa5 31. Nd4 Qxc5 32. Rac1 Qb6 33. Rb1 Qa5 34. Red1 c5 35. Ndb5 Red8 36. Qc2 Bc4 37. Rxd8+ Rxd8 38. Rd1 Bd3 39. Qb3+ c4 40. Qa3 Bf8 41. Qb2 Qb6 42. Qa1 Qxe3 43. Rg1 Qf3+ 44. Rg2 Bf1 45. Qb2 Bc5 46. Nc7 e3 47. N3d5 Rxd5 48. Qb8+ Kg7 49. Ne6+ Kh6 50. Qf8+ Bxf8 0-1


[Site "https://www.chess.com"]

[Event "Titled Tuesday Blitz June 20 Late 2023"]
[White "Barria Santos, Jose Guilherme"]
[Black "Avila Pavas, Santiago"]
[WhiteFideId "1939300"]
[BlackFideId "4437128"]
[WhiteElo "2266"]
[BlackElo "2449"]
[Result "0-1"]
[Round "3"]
[TimeControl "180+2"]
[Date "2023.06.20"]
[WhiteClock "0:00:56"]
[BlackClock "0:00:46"]
[Board "70"]

1. e4 Nf6 2. e5 Nd5 3. d4 d6 4. c4 Nb6 5. exd6 cxd6 6. Nc3 g6 7. Be3 Bg7 8. Rc1 O-O 9. b3 e5 10. dxe5 dxe5 11. Qxd8 Rxd8 12. c5 N6d7 13. Bb5 Nc6 14. Nge2 f5 15. Bg5 Rf8 16. Nd5 h6 17. Ne7+ Kh7 18. Nxc6 hxg5 19. Ne7 Nf6 20. h4 g4 21. Nxc8 Raxc8 22. O-O Rfd8 23. a4 Ne4 24. b4 a6 25. Bc4 Nd2 26. Rfd1 Nxc4 27. Rxd8 Rxd8 28. Rxc4 Rd1+ 29. Kh2 Rd2 30. Ng3 e4 31. c6 bxc6 32. Rxc6 Rxf2 33. h5 Be5 34. hxg6+ Kg7 35. Re6 Bf4 36. Rxa6 Rb2 0-1


[Site "https://www.chess.com"]